 Dungeon Crawl Stone Soup version 0.27-a0-1200-g94dc6ad4cf (webtiles) character file.

Game seed: 5731188502779187601

21 Conn the Firebug (level 2, 0/15 HPs)
             Began as a Deep Elf Fire Elementalist on May 31, 2021.
             Slain by Natasha (8 damage)
             ... on level 1 of the Dungeon.
             The game lasted 00:02:21 (1278 turns).

Conn the Firebug (Deep Elf Fire Elementalist)       Turns: 1278, Time: 00:02:23

Health: 0/15       AC:  3    Str:  5    XL:     2   Next: 62%
Magic:  5/8        EV: 13    Int: 19    God:
Gold:   28         SH:  0    Dex: 15    Spells: 6/7 levels left

rFire    . . .     SeeInvis .   d - +1 dagger (drain)
rCold    . . .     Faith    .   (no shield)
rNeg     . . .     Spirit   .   a - +0 robe
rPois    .         Reflect  .   c - +0 helmet
rElec    .         Harm     .   (no cloak)
rCorr    .         Rampage  .   (no gloves)
Will     .....                  (no boots)
Stlth    ++........             (no amulet)
HPRegen  0.05/turn              (no ring)
MPRegen  0.11/turn              (no ring)

@: no status effects
A: no striking features
a: no special abilities


You were on level 1 of the Dungeon.
You visited 1 branch of the dungeon, and saw 2 of its levels.

You collected 28 gold pieces.

Inventory:

Hand Weapons
 d - a +1 dagger of draining (weapon)
Armour
 a - a +0 robe (worn)
 c - a +0 helmet (worn)
Scrolls
 b - a scroll of blinking {unknown}


   Skills:
 + Level 0.1 Fighting
 + Level 2.7 Dodging
 + Level 2.6 Stealth
 * Level 3.2 Spellcasting
 * Level 1.1 Conjurations
 * Level 3.8 Fire Magic


You had 6 spell levels left.
You knew the following spells:

 Your Spells              Type           Power      Damage    Failure   Level
a - Foxfire               Conj/Fire      48%        2x1d6     5%          1

Your spell library contained the following spells:

 Spells                   Type           Power      Damage    Failure   Level
 Conjure Flame            Conj/Fire      12%        6-21      16%         3
 Inner Flame              Hex/Fire       10%        N/A       21%         3
 Sticky Flame             Conj/Fire      12%        2d4       45%         4
 Fireball                 Conj/Fire      6%         3d5       82%         5


Dungeon Overview and Level Annotations

Branches:
Dungeon (2/15)

Altars:

Annotations:
D:1 Natasha


Message History

The crimson imp hits you but does no damage.
Found a stone staircase leading down.
Natasha casts a spell at you. The magic dart hits you!
You aren't carrying any potions.
Natasha wildly gestures.
You feel disoriented. Natasha closely misses you.
There is a stone staircase leading up here.
Natasha misses you. The crimson imp hits you.
You climb upwards.
The crimson imp disappears in a puff of smoke!
There is a stone staircase leading down here.
Casting: Foxfire (safe; 5% risk of failure)
Confirm with . or Enter, or press ? or * to list all spells.
You conjure some foxfire!
Natasha barely misses you.
The foxfire hits Natasha.
Natasha is heavily wounded.
Natasha barely misses you.
The foxfire hits Natasha.
Natasha is severely wounded.
Casting: Foxfire (safe; 5% risk of failure)
Confirm with . or Enter, or press ? or * to list all spells.
You conjure some foxfire!
Natasha mumbles some strange words.
The foxfire hits Natasha.
Natasha is severely wounded.
The foxfire hits Natasha.
Natasha is severely wounded.
Natasha drinks a potion.
Natasha is healed!
Casting: Foxfire (safe; 5% risk of failure)
Confirm with . or Enter, or press ? or * to list all spells.
You conjure some foxfire!
Natasha casts a spell.
The foxfire hits the shadow imp.
The shadow imp is lightly wounded.
The foxfire hits the shadow imp.
The shadow imp is moderately wounded.
Natasha claws you!
Ouch! That really hurt!
You die...

.....≈##≈##.#....#.........#
≈≈≈≈≈≈≈≈≈#.......#.........#
≈≈≈≈≈≈≈≈##...≈.≈.#....######
....≈.######.≈.≈.#....#
≈.....# #.≈.≈)#....# ......#
##≈≈≈.#....# ......#
##...#....# ......#
#.5h#....# ......#
#.5@###.## ......# #...# #.#
......# #...###.# #######
#.......# #...##########
#............##
#...####.###..#
#...###.......#
#...##..#####.#


You could see Natasha and 2 shadow imps.

Vanquished Creatures
  3 bats (D:1)
  3 endoplasms
  3 goblins (D:1)
  A hobgoblin (D:1)
  A kobold (D:1)
  A ball python (D:1)
  3 frilled lizards
  4 rats
19 creatures vanquished.

Vanquished Creatures (others)
  63 foxfires
63 creatures vanquished.

Grand Total: 82 creatures vanquished

Notes
Turn   | Place    | Note
-------+----------+-------------------------------------------
     0 | D:1      | Conn the Deep Elf Fire Elementalist began the quest for the
                  | Orb.
     0 | D:1      | Reached XP level 1. HP: 10/10 MP: 6/6
   413 | D:1      | Reached XP level 2. HP: 15/15 MP: 6/8
  1257 | D:2      | Noticed Natasha
  1259 | D:2      | Noticed a crimson imp
  1278 | D:1      | Slain by Natasha

Illustrated notes

Levels and vault maps discovered:
D:1:      mrwooster_arrival_statue, layout_basic, serial_rivers,
          chequers_serial_rivers_room_a, chequers_serial_rivers_small_3,
          chequers_serial_rivers_room_a, chequers_serial_rivers_micro_c,
          chequers_serial_rivers_micro_d, minmay_misc_feat_room
D:2:      layout_loops_ring, hellmonk_ecumenical_altar_arch_garden,
          minmay_stone_trees_small, uniq_robin, uniq_natasha

Action                   || total
-------------------------++-------
Melee: Dagger            ||     2
 Cast: Foxfire           ||    36
Armor: Robe              ||     1
Dodge: Dodged            ||    10

Table legend: (Time is in decaauts)
 A = Elapsed time spent in this place.
 B = Non-inter-level travel time spent in this place.
 C = Inter-level travel time spent in this place.
 D = Time resting spent in this place.
 E = Time spent auto-exploring this place.
 F = Levels seen in this place.
 G = Mean time per level.
                   A        B        C        D        E       F      G
               +--------+--------+--------+--------+--------+-----+--------+
         Total |   1287 |   1270 |     17 |    172 |    889 |   2 |  643.5 |
       Dungeon |   1287 |   1270 |     17 |    172 |    889 |   2 |  643.5 |
               +--------+--------+--------+--------+--------+-----+--------+

Top non-repeatable levels by time:
     D:1: 1089 daAuts
     D:2: 197 daAuts
